 Dungeon Crawl Stone Soup version 0.16.1-2-g95b8d4c (webtiles) character file.

38 Antunes the Charlatan (level 3, 0/18 HPs)
             Began as a Spriggan Artificer on Mar 24, 2015.
             Slain by a worker ant (8 damage)
             ... on level 6 of the Dungeon.
             The game lasted 00:07:47 (1608 turns).

Antunes the Charlatan (Spriggan Artificer)          Turns: 1608, Time: 00:07:47

Health: 0/18       AC:  2    Str:  7    XL:     3   Next: 25%
Magic:  8/8        EV: 19    Int: 13    God:
Gold:   0          SH:  0    Dex: 17    Spells: 0 memorised, 4 levels left

rFire  . . .     SeeInvis +     a - +0 short sword
rCold  . . .     Clarity  .     e - +0 robe
rNeg   . . .     SustAb   .     (shield restricted)
rPois  .         Gourm    .     (helmet restricted)
rElec  .         Spirit   .     (no cloak)
rCorr  .         Warding  .     (gloves unavailable)
rMut   .         Stasis   .     (boots unavailable)
MR     .....                    (no amulet)
Stlth  ++........               (no ring)
                                (no ring)

@: lethally poisoned (0 -> -7), very quick, not resistant to hostile
enchantments, unstealthy
A: unfitting armour, see invisible, herbivore 3, speed 3, slow metabolism 2
a: no special abilities


You were on level 6 of the Dungeon.
You were not hungry.

You visited 1 branch of the dungeon, and saw 6 of its levels.


Innate Abilities, Weirdness & Mutations

You are tiny and cannot use many weapons and most armour.
You have supernaturally acute eyesight.
You are a herbivore.
You cover ground extremely quickly.
You need consume almost no food.


   Skills:
 * Level 1.0 Fighting
 * Level 1.3 Short Blades
 * Level 4.0 Dodging
 * Level 2.1 Stealth
 * Level 1.0 Spellcasting
 * Level 4.5 Evocations


You had 4 spell levels left.
You didn't know any spells.

Dungeon Overview and Level Annotations

Branches:
Dungeon (6/15)
 Temple: D:4-7

Altars:

Inventory:

Hand weapons
 a - a +0 short sword (weapon)
 g - a +0 whip of electrocution
   (You found it on level 4 of the Dungeon)
 h - a +0 whip
   (You took it off a kobold on level 2 of the Dungeon)
 l - a cursed -2 dagger
   (You took it off a kobold on level 4 of the Dungeon)
Missiles
 i - 3 stones (quivered)
 k - 14 poisoned needles
Armour
 e - a +0 robe (worn)
Jewellery
 n - an uncursed ring of protection from cold {unknown}
   (You found it on level 4 of the Dungeon)
Magical devices
 b - a wand of flame (15)
 c - a wand of enslavement (24)
 d - a wand of random effects (14)
Scrolls
 m - a scroll of immolation {unknown}
Comestibles
 f - 2 bread rations

# .#
###.
#..
#a#
#@#
###


You could see a worker ant.


Message History

The magic dart hits you!
You feel sick.
The kobold shoots a poisoned needle.
The poisoned needle misses you.
Things that are here:
a poisoned needle; a lumpy silvery potion
k - 14 poisoned needles (gained 1);
o - a lumpy silvery potion You feel sick.
Drink which item? (? for menu, Esc to quit)
It was a potion of restore abilities.
You feel refreshed.
Drink which item? (? for menu, Esc to quit)
It was a potion of curing.
You feel better. The orc wizard barely misses you.
You see here a scroll labeled ROTTOU PHOY.
m - a scroll labeled ROTTOU PHOY The orc wizard closely misses you.
A bat comes into view.
A goblin comes into view. It is wielding a dagger.
Found a stone staircase leading down.
A worker ant, a hobgoblin and an ogre come into view.
The hobgoblin shouts!
The ogre shouts!
The worker ant twitches its antennae in your direction.
Found a scroll labeled PHOFFO GOOSTREI.
The worker ant misses you. The worker ant closely misses you.
Found 14 gold pieces.
There is a stone staircase leading down here.
The worker ant bites you.
You are poisoned.
The worker ant poisons you!
You climb downwards.
A quokka zombie comes into view.
You feel sick.
Found a stone staircase leading down.
There is a stone staircase leading up here.
Drink which item? (? for menu, Esc to quit)
It was a potion of cancellation.
You feel magically purged.
You feel sick. The worker ant barely misses you.
The worker ant closely misses you.
Found a stone staircase leading up.
There is a stone staircase leading down here.
You feel sick. The worker ant closely misses you.
You climb downwards.
There is a stone staircase leading up here.
You hit the worker ant.
The worker ant is lightly wounded.
You feel sick. The worker ant misses you.
You barely miss the worker ant.
The worker ant is lightly wounded.
You feel sick. The worker ant bites you!
You die...

Action                   || total
-------------------------++-------
Melee: Short sword       ||    89
Evoke: Wand              ||     1
  Use: Potion            ||     3
       Scroll            ||     2
 Stab: Sleeping          ||     5

Vault maps used:
D:1:      noname_arrival_rooms_in_the_neighbourhood
D:2:      first_bread, minmay_bisected
D:4:      minitemple, kennysheep_doodads
D:6:      corexii_shantytown, minmay_temple_entry_butterflies, uniq_duvessa,
          uniq_grinder

Notes
Turn   | Place    | Note
--------------------------------------------------------------
     0 | D:1      | Antunes, the Spriggan Artificer, began the quest for the Orb.
     0 | D:1      | Reached XP level 1. HP: 9/9 MP: 2/2
   411 | D:2      | HP: 2/9 [giant gecko (5)]
   414 | D:2      | Reached XP level 2. HP: 3/14 MP: 5/5
   789 | D:3      | Reached skill level 2 in Stealth
  1159 | D:4      | Reached skill level 1 in Fighting
  1159 | D:4      | Reached skill level 1 in Spellcasting
  1382 | D:4      | Reached XP level 3. HP: 15/18 MP: 8/8
  1459 | D:3      | Reached skill level 4 in Dodging
  1594 | D:4      | Noticed an ogre
  1601 | D:5      | Entered Level 5 of the Dungeon
  1608 | D:6      | Slain by a worker ant

Vanquished Creatures
  2 giant mites (D:4)
  2 giant geckos (D:2)
  2 ball pythons (D:2)
  2 bats (D:3 D:4)
  A giant cockroach (D:3)
  2 goblins (D:2 D:3)
  A jackal (D:1)
  A quokka (D:3)
  4 giant newts (D:1 D:2 D:3)
  3 kobolds (D:2 D:4)
  4 rats (D:2 D:3)
24 creatures vanquished.

Vault maps used:
D:1:      noname_arrival_rooms_in_the_neighbourhood
D:2:      first_bread, minmay_bisected
D:4:      minitemple, kennysheep_doodads
D:6:      corexii_shantytown, minmay_temple_entry_butterflies, uniq_duvessa,
          uniq_grinder

Table legend:
 A = Turns spent in this place as a percentage of turns spent in the entire game.
 B = Non-inter-level travel turns spent in this place as a percentage of non-inter-level travel turns spent in the entire game.
 C = Inter-level travel turns spent in this place as a percentage of turns spent in this place.
 D = Turns resting spent in this place as a percentage of non-inter-level travel turns spent in this place.
 E = Turns spent auto-exploring this place as a percentage of non-inter-level travel turns spent in this place.
 F = Non-inter-level travel turns spent in this place divided by the number of levels of this place that you've seen.
                   A       B       C       D       E      F
               +-------+-------+-------+-------+-------+----------------------
         Total | 100.0 | 100.0 |   0.0 |   2.9 |   3.2 |  98.3
       Dungeon | 100.0 | 100.0 |   0.0 |   2.9 |   3.2 |  98.3
               +-------+-------+-------+-------+-------+----------------------

Table legend:
 A = Kills in this place as a percentage of kills in entire the game.
 B = Kills by you in this place as a percentage of kills by you in the entire game.
 C = Kills by friends in this place as a percentage of kills by friends in the entire game.
 D = Other kills in this place as a percentage of other kills in the entire game.
 E = Experience gained in this place as a percentage of experience gained in the entire game.
 F = Experience gained in this place divided by the number of levels of this place that you have seen.
                   A       B       C       D       E      F
               +-------+-------+-------+-------+-------+----------------------
         Total | 100.0 | 100.0 |  -nan |  -nan | 100.0 |   9.2
       Dungeon | 100.0 | 100.0 |  -nan |  -nan | 100.0 |   9.2
               +-------+-------+-------+-------+-------+----------------------
